Map: Ruins of Seras

Players

Hindulaatti

  • Race: Terran Terran
  • League: Gold

akmal - Winner!

  • Race: Zerg Zerg
  • League: Diamond

VOD

Have the link to the VOD?

Description

Time

  • Played on: Dec. 19, 2015, 6:01 p.m.
  • Length: 11:16
Show
View Real Time Build Order
Export as new Build Order

Hindulaatti Terran 

Build Orders: Command Center First (CC), MMM Bio 

Get SALT Encoding   

  12  0:01  SCV  
  13  0:13  SCV  
  14  0:18  Supply Depot  
  14  0:25  SCV  
  15  0:39  SCV  
  16  0:52  SCV  
  17  1:03  Command Center  
  17  1:07  SCV  
  18  1:18  Barracks  
  18  1:21  SCV  
  19  1:27  Refinery  
  19  1:33  SCV  
  20  1:45  SCV  
  21  1:57  SCV  
  21  1:59  Supply Depot  
  22  2:08  Marine  
  22  2:15  Refinery  
  23  2:17  Orbital Command  
  23  2:25  Orbital Command  
  23  2:28  Bunker  
  23  2:32  Marine  
  24  2:43  SCV  
  24  2:44  Factory  
  24  2:55  SCV  
  25  3:03  Marine  
  26  3:06  SCV  
  26  3:07  SCV  
  28  3:19  Supply Depot  
  28  3:21  SCV x2  
  28  3:23  Barracks  
  28  3:24  Barracks  
  30  3:29  Barracks Reactor  
  30  3:33  SCV  
  30  3:34  SCV  
  32  3:35  Factory Tech Lab  
  32  3:41  Starport  
  32  3:45  SCV  
  32  3:46  SCV  
  32  3:47  Supply Depot  
  34  3:57  Siege Tank  
  34  3:58  SCV x2  
  39  4:07  Refinery  
  39  4:09  Marine x2  
  41  4:10  SCV x2  
  41  4:11  Barracks Tech Lab  
  41  4:12  Barracks Reactor  
  43  4:21  Supply Depot  
  43  4:22  SCV x2  
  45  4:27  Marine x2  
  47  4:32  Marauder  
  47  4:33  Medivac  
  47  4:34  SCV  
  52  4:39  Siege Tank  
  52  4:40  SCV  
  52  4:43  Refinery  
  52  4:45  Marine x2  
  58  4:46  SCV  
  58  4:47  Stimpack  
  58  4:48  Marine x2  
  61  4:53  SCV  
  61  4:58  SCV  
  63  5:01  Supply Depot  
  63  5:03  Supply Depot  
  63  5:05  SCV  
  64  5:10  Starport Reactor, SCV  
  64  5:11  Marauder  
  67  5:17  SCV  
  68  5:21  Marine  
  68  5:22  Siege Tank, SCV  
  68  5:25  Supply Depot  
  73  5:28  Supply Depot  
  73  5:29  Marine, SCV  
  73  5:34  Marauder, Marine, SCV  
  73  5:35  Marine  
  80  5:40  Supply Depot  
  80  5:41  SCV  
  81  5:44  Supply Depot  
  81  5:48  Marine x2, SCV  
  84  5:54  SCV  
  84  5:55  Supply Depot  
  84  5:56  Supply Depot  
  85  6:01  SCV  
  86  6:06  SCV  
  86  6:08  Medivac x2, Siege Tank  
  94  6:15  Armory  
  94  6:17  Engineering Bay  
  94  6:21  Marine  
  94  6:22  Liberator, Marine x2  
  97  6:35  Marine, SCV x2  
  97  6:36  Marine  
  97  6:37  Command Center  
  104  6:44  Medivac  
  104  6:46  Marine, Siege Tank  
  110  7:02  Marine  
  110  7:03  Marine x3  
  110  7:04  Marine  
  110  7:08  Terran Infantry Weapons Level 1  
  115  7:09  Barracks  
  115  7:10  Barracks  
  115  7:11  Barracks  
  109  7:27  Marine x5  
  109  7:29  Siege Tank  
  117  7:30  Medivac x2  
  121  7:41  SCV x2  
  123  7:45  Marine x2  
  123  7:46  Marauder  
  123  7:48  Marine x2  
  123  7:49  Orbital Command  
  129  7:54  Missile Turret x2  
  129  7:58  Missile Turret  
  129  8:00  Barracks Reactor  
  129  8:02  Marine  
  129  8:03  Marine  
  131  8:07  Marauder  
  131  8:12  Marine  
  134  8:13  Marine, Barracks Reactor x2  
  135  8:20  Marine  
  135  8:21  Marine  
  135  8:29  Marauder  
  135  8:30  Marine x2  
  134  8:38  Marine x2  
  134  8:39  Marine x2  
  138  8:48  Marine x2  
  139  8:49  Liberator x2, Marine  
  116  8:56  Marine x3  
  116  8:57  Marine  
  106  9:04  Marine  
  106  9:05  Marine x3  
  106  9:06  Orbital Command, Marine x2  
  106  9:07  Marine  
  116  9:14  Marine x4  
  120  9:22  Widow Mine, Marine  
  120  9:23  Marine x4  
  127  9:24  Marine  
  127  9:26  Marauder  
  130  9:32  Marine  
  130  9:35  Combat Shields  
  130  9:36  Marine  
  130  9:37  Marine x2  
  131  9:40  Refinery  
  126  9:47  Missile Turret  
  126  9:50  Marine  
  126  9:51  Marine x2  
  129  9:56  Marine  
  129  9:57  Refinery, Marine x3  
  133  10:04  Missile Turret  
  133  10:08  Missile Turret, Widow Mine  
  133  10:13  Supply Depot  
  135  10:17  Supply Depot  
  135  10:28  Missile Turret  
  135  10:29  Marine  
  136  10:37  Widow Mine  
  135  10:43  Marine x4  
  100  11:10  Bunker  
Show
View Real Time Build Order
Export as new Build Order

akmal Zerg - Winner!

Build Orders: Hatch First, Muta Ling Bane 

Get SALT Encoding   

  12  0:01  Drone  
  13  0:13  Overlord  
  13  0:18  Drone  
  14  0:25  Drone, Extractor  
  15  0:31  Drone  
  15  0:35  Drone  
  17  0:55  Hatchery  
  16  0:57  Drone  
  16  1:00  Drone  
  18  1:10  Extractor  
  17  1:16  Spawning Pool  
  16  1:21  Drone  
  16  1:22  Drone  
  18  1:28  Drone  
  19  1:41  Overlord  
  19  1:50  Drone  
  20  2:00  Drone  
  21  2:03  Queen  
  21  2:07  Zergling x2, Queen  
  26  2:11  Metabolic Boost  
  26  2:15  Zergling x2  
  27  2:18  Drone  
  28  2:24  Drone  
  29  2:30  Drone  
  29  2:33  Drone  
  31  2:48  Drone, Hatchery  
  31  2:50  Drone  
  32  2:55  Drone x2  
  34  3:01  Overlord  
  33  3:09  Overlord  
  33  3:15  Queen  
  35  3:20  Drone  
  35  3:21  Drone, Baneling Nest  
  35  3:23  Drone  
  37  3:27  Drone  
  37  3:28  Drone  
  37  3:33  Drone x2  
  41  3:35  Drone  
  41  3:39  Overlord  
  42  3:48  Drone  
  42  3:49  Drone  
  44  3:56  Overlord  
  44  3:57  Queen  
  44  4:00  Queen  
  44  4:01  Drone  
  44  4:02  Drone  
  50  4:04  Zergling x2  
  50  4:09  Zergling x4  
  54  4:10  Drone, Zergling x2  
  54  4:15  Lair  
  55  4:22  Drone x2  
  55  4:23  Drone x2  
  59  4:27  Drone x3  
  59  4:28  Drone  
  63  4:34  Evolution Chamber, Drone  
  63  4:36  Drone  
  63  4:37  Drone, Evolution Chamber  
  64  4:39  Drone  
  64  4:43  Drone  
  64  4:44  Drone, Extractor  
  66  4:51  Overlord  
  66  4:53  Extractor  
  66  4:54  Drone  
  66  5:07  Extractor  
  66  5:08  Zerg Ground Armor Level 1, Zerg Melee Weapons Level 1  
  66  5:14  Drone x3  
  67  5:15  Drone  
  67  5:20  Extractor  
  68  5:25  Drone x6  
  68  5:27  Overlord  
  74  5:29  Centrifical Hooks  
  74  5:39  Overseer  
  74  5:43  Baneling x4  
  74  5:45  Overlord  
  74  5:47  Overlord  
  74  5:50  Extractor  
  74  5:54  Drone  
  74  5:55  Overlord x2  
  74  6:01  Overlord, Spire  
  74  6:02  Queen  
  74  6:03  Spine Crawler, Overlord x2  
  75  6:04  Drone x5  
  75  6:05  Drone x3  
  82  6:15  Zergling x6  
  82  6:18  Baneling  
  85  6:20  Zergling x8  
  89  6:27  Zergling x4  
  89  6:31  Overlord  
  92  6:32  Drone  
  92  6:35  Drone  
  92  6:36  Zergling x4  
  95  6:42  Drone x3  
  95  6:44  Hatchery  
  97  6:48  Drone  
  97  6:53  Overlord  
  96  7:05  Baneling  
  96  7:06  Overlord  
  96  7:10  Baneling x2  
  96  7:14  Overlord  
  96  7:16  Mutalisk x2  
  96  7:17  Mutalisk x5  
  96  7:18  Zerg Melee Weapons Level 2  
  105  7:24  Zergling x6  
  105  7:25  Zergling x2  
  105  7:26  Zergling x2  
  105  7:28  Mutalisk  
  112  7:36  Mutalisk x2  
  114  7:39  Zerg Ground Armor Level 2  
  114  7:43  Zergling x4  
  118  7:47  Baneling  
  118  7:49  Zergling x4  
  118  7:50  Zerg Flyer Weapons Level 1  
  120  8:00  Zergling x2  
  120  8:01  Zergling x6  
  120  8:02  Zergling x6  
  120  8:03  Zergling x4  
  120  8:05  Baneling x3  
  129  8:06  Zergling x2  
  129  8:09  Overlord  
  130  8:18  Mutalisk x2  
  134  8:27  Mutalisk x3  
  138  8:34  Mutalisk x2  
  138  8:36  Zergling x4  
  138  8:37  Baneling x2  
  144  8:42  Zergling x8  
  144  8:44  Baneling x5  
  144  8:46  Zergling x4  
  150  8:53  Mutalisk  
  150  8:54  Zergling x2  
  150  8:55  Zergling x4  
  135  8:56  Drone x3  
  135  9:00  Extractor  
  135  9:01  Mutalisk  
  135  9:02  Mutalisk  
  126  9:07  Baneling x3  
  126  9:08  Overlord x2  
  128  9:15  Drone  
  129  9:22  Drone x3  
  129  9:23  Baneling x3  
  132  9:27  Mutalisk  
  132  9:29  Zergling x2  
  135  9:33  Zergling x2  
  132  9:44  Mutalisk  
  132  9:45  Mutalisk x3  
  134  9:51  Extractor  
  137  9:55  Zergling x4  
  137  9:56  Zergling x2  
  137  9:57  Infestation Pit, Baneling x4  
  139  10:00  Zergling x10  
  139  10:06  Overlord  
  144  10:18  Mutalisk  
  144  10:19  Mutalisk  
  148  10:21  Baneling x3  
  148  10:22  Baneling  
  148  10:23  Zergling x6  
  151  10:29  Mutalisk x2  
  151  10:31  Zergling x12  
  161  10:36  Hatchery  
  161  10:37  Baneling x3  
  161  10:42  Mutalisk  
  156  10:43  Zergling x2  
  156  10:44  Zergling x14  
  156  10:45  Zergling x6  
  161  10:59  Zergling x2  
  161  11:04  Drone  
Tags
 
Add a new tag
Caveats
  • Supply blocks, unpowered buildings, or Contaminate may cause inaccurate times.
  • Supply counts are checked every 10 seconds.